 Dungeon Crawl Stone Soup version 0.30-a0-948-g4fa250aae5 (webtiles) character file.

Game seed: 4505587924229421562

105 Norrock the Gusty (level 4, -1/24 HPs)
             Began as a Tengu Air Elementalist on Mar 15, 2023.
             Slain by Jessica
             ... wielding a +0 club
              (3 damage)
             ... on level 3 of the Dungeon on Mar 26, 2023.
             The game lasted 00:21:27 (2231 turns).

Norrock the Gusty (Tengu Air Elementalist)          Turns: 2231, Time: 00:21:27

Health: -1/24      AC:  3    Str:  9    XL:     4   Next: 81%
Magic:  6/9        EV: 12    Int: 17    God:
Gold:   84         SH:  0    Dex: 14    Spells: 3/9 levels left

rFire   . . .      SeeInvis .    c - +0 short sword
rCold   . . .      Faith    .    (no shield)
rNeg    . . .      Spirit   .    a - +0 robe
rPois   .          Reflect  .    (helmet restricted)
rElec   .          Rampage  .    (no cloak)
rCorr   .                        h - +0 pair of gloves
Will    +....                    (boots unavailable)
Stlth   ++                       (no amulet)
HPRegen 0.24/turn                i - ring of willpower
MPRegen 0.11/turn                (no ring)

@: very slightly contaminated
A: beak, talons 3
a: no special abilities


You were on level 3 of the Dungeon.
You visited 1 branch of the dungeon, and saw 3 of its levels.

You collected 84 gold pieces.

Inventory:

Hand Weapons
 c - a +0 short sword (weapon)
Missiles
 f - 7 poisoned darts
 m - a throwing net
Armour
 a - a +0 robe (worn)
 h - a +0 pair of gloves (worn)
 n - an orb of energy
Jewellery
 i - a ring of willpower (left hand)
Scrolls
 d - 3 scrolls of teleportation
 g - a scroll of identify {unknown}
 j - a scroll of magic mapping
 p - a scroll of noise {unknown}
 q - a scroll of poison {unknown}
Potions
 b - a potion of magic
 e - a potion of haste {unknown}
 k - a potion of mutation {unknown}
 l - 3 potions of heal wounds {unknown}
 o - a potion of lignification {unknown}
 r - a potion of curing {unknown}


   Skills:
 - Level 2.1 Dodging
 - Level 2.0 Stealth
 + Level 3.0 Spellcasting
 + Level 3.5 Conjurations
 + Level 5.2 Air Magic


You had 3 spell levels left.
You knew the following spells:

 Your Spells              Type           Power      Damage    Failure   Level
a - Shock                 Conj/Air       68%        1d7       2%          1
b - Static Discharge      Conj/Air       34%        2-4/arc   4%          2
c - Swiftness             Air            20%        N/A       6%          3

Your spell library contained the following spells:

 Spells                   Type           Power      Damage    Failure   Level
 Airstrike                Air            10%        2d(2-18)  21%         4


Dungeon Overview and Level Annotations

Branches:
Dungeon (3/15)

Altars:

Annotations:
D:3 Jessica


Innate Abilities, Weirdness & Mutations

You have a beak for a mouth.
You have claws for feet.


Message History

Casting: Shock (safe; 2% risk of failure)
Confirm with . or Enter, or press ? or * to list all spells.
Aiming: Shock (safe; 2% risk of failure)
Press: ? - help, Shift-Dir - straight line, f/p - Jessica
Aim: Jessica, wielding a +0 club and wearing a +0 robe (asleep, 100% to hit)
The zap hits Jessica.
Jessica is heavily wounded.
Jessica shouts!
Jessica mumbles some strange words.
Jessica blinks!
Jessica casts a spell.
Jessica blinks!
You hit Jessica.
Jessica is severely wounded.
Jessica hits you with a +0 club.
Casting: Shock (safe; 2% risk of failure)
Confirm with . or Enter, or press ? or * to list all spells.
Aiming: Shock (safe; 2% risk of failure)
Press: ? - help, Shift-Dir - straight line, f/p - Jessica
Aim: Jessica, wielding a +0 club and wearing a +0 robe (severely wounded, 71% to hit)
You miscast Shock.
You are very lightly contaminated with residual magic.
Nothing appears to happen.
Jessica points at you and mumbles some strange words.
Pain shoots through your body!
Casting: Shock (safe; 2% risk of failure)
Confirm with . or Enter, or press ? or * to list all spells.
Aiming: Shock (safe; 2% risk of failure)
Press: ? - help, Shift-Dir - straight line, f/p - Jessica
Aim: Jessica, wielding a +0 club and wearing a +0 robe (severely wounded, 71% to hit)
You miscast Shock.
Nothing appears to happen.
Jessica gestures at you while chanting. Pain shoots through your body!
* * * LOW HITPOINT WARNING * * *
The jackal bites you but does no damage.
You barely miss Jessica. You peck Jessica, but do no damage.
Jessica is severely wounded.
The jackal bites you but does no damage.
Jessica hits you with a +0 club.
You die...

#..# #.§# #..#
###..... #..# #......#
#..# #......# #..#
#......# #..# #......#
#..######## #......#
#..h@@†...#
###......###†.######.#
..............# #.#
##......#..### #.#
#........## #.#
#####....### #.#
.........# #.#
#####....# #.#
#....#<###########.#


You could see Jessica and a jackal.

Vanquished Creatures
  4 gnolls (D:2)
  An adder (D:2)
  3 worms (D:2)
  An endoplasm (D:1)
  2 giant cockroaches
  5 goblins
  5 hobgoblins
  6 jackals
  8 kobolds
  3 ball pythons
  7 bats
  2 frilled lizards (D:1)
  3 rats
50 creatures vanquished.

Notes
Turn   | Place    | Note
-------+----------+-------------------------------------------
     0 | D:1      | Norrock the Tengu Air Elementalist began the quest for the
                  | Orb.
     0 | D:1      | Reached XP level 1. HP: 10/10 MP: 4/4
   213 | D:1      | Reached XP level 2. HP: 15/15 MP: 3/6
   227 | D:1      | Learned a level 2 spell: Static Discharge
   296 | D:1      | Upgraded the game from 0.30-a0-883-g5ad918d77d to
                  | 0.30-a0-920-g7493c07aab
   662 | D:1      | Reached XP level 3. HP: 19/19 MP: 4/7
   666 | D:1      | Learned a level 3 spell: Swiftness
  1218 | D:2      | Reached XP level 4. HP: 19/24 MP: 5/9
  1230 | D:2      | Reached skill level 5 in Air Magic
  1844 | D:2      | Upgraded the game from 0.30-a0-920-g7493c07aab to
                  | 0.30-a0-948-g4fa250aae5
  2224 | D:3      | Noticed Jessica
  2231 | D:3      | Slain by Jessica

Illustrated notes

Levels and vault maps discovered:
D:1:      tarquinn_simple_flora_water_e, layout_loops_ring
D:2:      layout_basic
D:3:      layout_basic, nicolae_ru_path_of_blood, jmf_multi_god_temple,
          uniq_jessica

Skill      XL: |  1  2  3  4 |
---------------+-------------+-----
Conjurations   | 2 3 |  3.5
Air Magic      | 5 |  5.2
Spellcasting   | 3 |  3.0
Dodging        | |  2.1
Stealth        | |  2.0

Action                     |  1- 3 |  4- 6 || total
---------------------------+-------+-------++-------
  Melee: Short sword       |    33 |    35 ||    68
         Kick              |    11 |     9 ||    20
         Peck              |     1 |     4 ||     5
   Cast: Shock             |    33 |    15 ||    48
    Use: Scroll            |     2 |       ||     2
   Stab: Sleeping          |     3 |     2 ||     5
 Armour: Robe              |    10 |    17 ||    27
  Dodge: Dodged            |    24 |    31 ||    55

Table legend: (Time is in decaauts)
 A = Elapsed time spent in this place.
 B = Non-inter-level travel time spent in this place.
 C = Inter-level travel time spent in this place.
 D = Time resting spent in this place.
 E = Time spent auto-exploring this place.
 F = Levels seen in this place.
 G = Mean time per level.
                   A        B        C        D        E       F      G
               +--------+--------+--------+--------+--------+-----+--------+
         Total |   2229 |   2187 |     42 |    272 |    908 |   3 |  743.0 |
       Dungeon |   2229 |   2187 |     42 |    272 |    908 |   3 |  743.0 |
               +--------+--------+--------+--------+--------+-----+--------+

Top non-repeatable levels by time:
     D:2: 1260 daAuts
     D:1: 868 daAuts
     D:3: 100 daAuts
